 Dungeon Crawl Stone Soup version 0.24-a0-715-g0b739ee41d (webtiles) character file.

Game seed: 914285441457685695, levelgen mode: deterministic

3115 Kohma the Slinger (level 10, 0/68 HPs)
             Began as a Halfling Hunter on Sept 30, 2019.
             Was an Initiate of Dithmenos.
             Slain by a sky beast (1 damage)
             ... on level 6 of the Dungeon.
             The game lasted 00:24:56 (5651 turns).

Kohma the Slinger (Halfling Hunter)                 Turns: 5651, Time: 00:24:56

Health: 0/68       AC:  7    Str: 19    XL:     10   Next: 14%
Magic:  19/19      EV: 20    Int:  9    God:    Dithmenos [......]
Gold:   426        SH: 10    Dex: 19    Spells: 9/9 levels left

rFire    . . .     SeeInvis .   b - +0 short sword
rCold    . . .     Gourm    .   p - +3 buckler
rNeg     . . .     Faith    .   w - +4 leather armour of Resourcefulness {MP+9 Stlth+}
rPois    +         Spirit   .   h - +0 hat
rElec    .         Reflect  .   (no cloak)
rCorr    .         Harm     .   (no gloves)
MR       .....                  (no boots)
Stlth    +++.......             (no amulet)
HPRegen  0.21/turn              v - ring of poison resistance
MPRegen  0.16/turn              u - +6 ring of strength

@: no status effects
A: small, mutation resistance 1
a: Renounce Religion


You were on level 6 of the Dungeon.
You worshipped Dithmenos.
Dithmenos was noncommittal.
You were not hungry.

You visited 2 branches of the dungeon, and saw 8 of its levels.

You collected 426 gold pieces.

Inventory:

Hand Weapons
 a - a +1 hunting sling of freezing
 b - a +0 short sword (weapon)
 c - a +1 whip of freezing
 l - a +1 hunting sling
Missiles
 j - 114 stones (quivered)
 x - 4 throwing nets
 A - 13 poisoned darts
Armour
 e - a +0 ring mail
 h - a +0 hat (worn)
 p - a +3 buckler (worn)
 w - the +4 leather armour of Resourcefulness (worn) {MP+9 Stlth+}
   (You found it on level 7 of the Dungeon)

   It affects your magic capacity (+9).
   It makes you more stealthy.
Jewellery
 n - an uncursed ring of resist corrosion
 q - an uncursed ring of stealth
 u - a +6 ring of strength (right hand)
 v - a ring of poison resistance (left hand)
 z - a +4 amulet of reflection
Wands
 s - a wand of disintegration (13)
Scrolls
 d - 4 scrolls of teleportation
 m - a scroll of enchant armour
 o - 4 scrolls of remove curse
Potions
 g - 3 potions of curing
 k - a potion of haste
 r - 5 potions of mutation
 t - a potion of lignification
 B - 2 potions of agility
 C - a potion of heal wounds {unknown}
 D - 2 potions of degeneration {unknown}
 E - a potion of brilliance {unknown}
Comestibles
 f - 16 rations
 F - a chunk of flesh


   Skills:
 + Level 5.8 Fighting
 - Level 13.4 Slings
 + Level 7.0 Dodging
 - Level 1.1 Stealth
 - Level 5.6 Shields


You had 9 spell levels left.
You didn't know any spells.
Your spell library was empty.

Dungeon Overview and Level Annotations

Branches:
Dungeon (7/15)             Temple (1/1) D:7

Altars:
Ashenzari
Cheibriados
Dithmenos
Elyvilon
Fedhas
Gozag
Hepliaklqana
Kikubaaqudgha
Makhleb
Nemelex Xobeh
Okawaru
Qazlal
Ru
Sif Muna
Trog
Uskayaw
Vehumet
Wu Jian
Xom
Yredelemnul
Zin
The Shining One

Annotations:
D:6 exclusion: oklob plant


Innate Abilities, Weirdness & Mutations

You are small and have problems with some larger weapons.
You are somewhat resistant to further mutation.


Message History

* * * LOW HITPOINT WARNING * * *
You climb upwards.
Level annotation: exclusion: oklob plant Reactivating autopickup.
There is a stone staircase leading down here.
Deactivating autopickup; reactivate with Ctrl-A.
You barely miss something. Something barely misses you.
You closely miss something. Something hits you but does no damage.
You hit something but do no damage. Something barely misses you.
You miss something. Something hits you.
* * * LOW HITPOINT WARNING * * *
Something shocks you.
* * * LOW HITPOINT WARNING * * *
You hit something. Something closely misses you.
You closely miss something. Something hits you.
* * * LOW HITPOINT WARNING * * *
Something shocks you.
* * * LOW HITPOINT WARNING * * *
Something hits you.
You die... ##### #....# #####.....
P#PP#

#....# #...#..... PP#.# #....#
########'#....... P#.P#
#....###..#...#)###..... #PP##
#....##...#.#.#.# #..... .#PP#
#....#....#.#.#.# #.....
PPPP######....#....#.#.#.# #.....
PP.P#........##..).#.#...# ###...
#PP##.........#.@{.#.#########..#
PPP.#...........)..#.#...#......#
P#P.#..........#...#.#.#.#####.##
.P.P#..........#...#.#.#.# #.#
PPP##..............#.#.#.# ##.#
.PPP#......).......#...#.# #..#
P#PP#..............#####.####.##
PPPP#..............#...#.##...#
P%P####..##...#....#.#.#.#...####


There were no monsters in sight!

Vanquished Creatures
  Harold (D:7)
  Pikel (D:4)
  A hippogriff (D:7)
  Eustachio (D:4)
  2 sky beasts (D:6)
  2 slaves
  A black bear (D:6)
  4 ogres
  Blork the orc (D:5)
  A big kobold (D:5)
  A bullfrog (D:6)
  A scorpion (D:6)
  A bullfrog zombie (D:5)
  3 crimson imps
  A hound (D:5)
  A quasit (D:5)
  5 orc priests
  An orc wizard (D:7)
  3 worker ants
  A hound skeleton (D:5)
  A worker ant zombie (D:5)
  13 adders
  11 gnolls
  2 shadow imps (D:5)
  2 oozes
  6 worms
  A dart slug (D:1)
  A leopard gecko (D:2)
  12 orcs
  2 ball pythons
  2 bats
  5 giant cockroaches
  11 hobgoblins
  4 jackals (D:2)
  3 quokkas
  2 frilled lizards (D:2)
  7 goblins
  12 kobolds
  A leopard gecko skeleton (D:4)
  9 rats
140 creatures vanquished.

Vanquished Creatures (others)
  A plant (D:5)
  14 toadstools (D:6)
15 creatures vanquished.

Grand Total: 155 creatures vanquished

Notes
Turn   | Place    | Note
-------+----------+-------------------------------------------
     0 | D:1      | Kohma the Halfling Hunter began the quest for the Orb.
     0 | D:1      | Reached XP level 1. HP: 14/14 MP: 1/1
    25 | D:1      | Reached skill level 6 in Slings
    93 | D:1      | Reached XP level 2. HP: 19/19 MP: 2/2
   542 | D:2      | Reached skill level 7 in Slings
   542 | D:2      | Reached XP level 3. HP: 24/24 MP: 3/3
   755 | D:2      | Reached XP level 4. HP: 23/29 MP: 4/4
   854 | D:2      | Reached skill level 8 in Slings
  1336 | D:3      | Reached XP level 5. HP: 31/34 MP: 5/5
  1347 | D:3      | Reached skill level 9 in Slings
  1935 | D:4      | Reached XP level 6. HP: 39/39 MP: 6/6
  2093 | D:4      | Found a shattered altar of Ashenzari.
  2167 | D:4      | Noticed Eustachio
  2232 | D:4      | Killed Eustachio
  2232 | D:4      | Reached skill level 10 in Slings
  2476 | D:4      | Reached skill level 11 in Slings
  2476 | D:4      | Reached XP level 7. HP: 44/44 MP: 7/7
  2769 | D:4      | Noticed Pikel
  3350 | D:4      | Killed Pikel
  3350 | D:4      | Reached skill level 13 in Slings
  3350 | D:4      | Reached XP level 8. HP: 46/49 MP: 8/8
  3408 | D:5      | Entered Level 5 of the Dungeon
  3445 | D:5      | Noticed Blork the orc
  3451 | D:5      | Killed Blork the orc
  3451 | D:5      | Reached skill level 1 in Shields
  3816 | D:5      | Reached XP level 9. HP: 55/55 MP: 9/9
  4448 | D:6      | Reached skill level 5 in Shields
  4875 | D:6      | Reached skill level 5 in Dodging
  4924 | D:6      | Found a blossoming altar of Fedhas.
  4943 | D:6      | Noticed an oklob plant
  5236 | D:7      | Found a staircase to the Ecumenical Temple.
  5239 | D:7      | Got an ancient leather armour
  5250 | D:7      | Identified the +4 leather armour of Resourcefulness {MP+9
                  | Stlth+} (You found it on level 7 of the Dungeon)
  5309 | Temple   | Entered the Ecumenical Temple
  5421 | Temple   | Became a worshipper of Dithmenos the Shadowed
  5560 | D:7      | Noticed Harold
  5583 | D:7      | Killed Harold
  5583 | D:7      | Reached skill level 5 in Fighting
  5583 | D:7      | Reached XP level 10. HP: 20/66 MP: 10/10
  5651 | D:6      | HP: 1/68 [something (5)]
  5651 | D:6      | Slain by a sky beast

Levels and vault maps discovered:
D:1:      scummos_arrival_simple_crosswalls, layout_rooms
D:2:      kennysheep_big_flooded_room, layout_basic, skrybe_limestone_x
D:3:      layout_rooms
D:4:      layout_gridville, first_ration, st_stairs_9,
          cheibrodos_ashenzari_chains, uniq_pikel, uniq_eustachio
D:5:      layout_basic, lexackson_kobold_supper, uniq_blork_the_orc
D:6:      layout_rooms, tgw_fedhas, roderic_serpentine_path
D:7:      layout_loops_ring, minmay_temple_entry_tees, the_bakery,
          chequers_serial_rivers_room_a, uniq_harold
Temple:   kilobyte_greek_temple

Skill      XL: |  1  2  3  4  5  6  7  8  9 10 |
---------------+-------------------------------+-----
Slings         | 6 7 8 9 11 13 | 13.4
Fighting       | 2 5 |  5.8
Shields        | 3 5 |  5.6
Dodging        | 3 6 7 |  7.0
Stealth        | |  1.1

Action                   |  1- 3 |  4- 6 |  7- 9 | 10-12 || total
-------------------------+-------+-------+-------+-------++-------
Melee: Short sword       |       |       |    10 |     9 ||    19
 Fire: Hunting sling     |    90 |   152 |   268 |    22 ||   532
  Use: Scroll            |       |    11 |     3 |       ||    14
  Eat: Chunk             |       |     4 |     8 |       ||    12
       Ration            |       |       |     1 |       ||     1
Armor: Ring mail         |     7 |    21 |    20 |       ||    48
       Leather armour    |       |       |       |     5 ||     5
Dodge: Dodged            |    24 |    46 |    46 |     8 ||   124
Block: Buckler           |    11 |    28 |    26 |     3 ||    68

Table legend:
 A = Non-vault XP
 B = Vault XP
 C = Vault XP percentage of total XP
 D = Non-vault monster count
 E = Vault monster count
 F = Vault count percentage of total count
                 A         B        C        D         E       F
            +---------+---------+-------+---------+---------+-------
      Total |    2413 |    2037 |  45.8 |     124 |      14 |  10.1
            +---------+---------+-------+---------+---------+-------
        D:1 |      27 |       0 |   0.0 |      17 |       0 |   0.0
        D:2 |      97 |       5 |   4.9 |      29 |       2 |   6.5
        D:3 |     134 |       0 |   0.0 |      23 |       0 |   0.0
        D:4 |     220 |     830 |  79.0 |      10 |       5 |  33.3
        D:5 |     621 |     195 |  23.9 |      19 |       6 |  24.0
        D:6 |     933 |       0 |   0.0 |      19 |       0 |   0.0
        D:7 |     381 |    1007 |  72.6 |       7 |       1 |  12.5
            +---------+---------+-------+---------+---------+-------
